 Dungeon Crawl Stone Soup version 0.23.2-1-ga50397a6bc (webtiles) character file.

Game seed: 10308663500812100179

679 Gumption the Cudgeler (level 7, -5/44 HPs)
             Began as a Gargoyle Gladiator on May 31, 2019.
             Was an Initiate of Cheibriados.
             Slain by an ogre
             ... wielding a +0 giant spiked club
              (13 damage)
             ... on level 4 of the Dungeon on June 1, 2019.
             The game lasted 00:22:13 (3478 turns).

Gumption the Cudgeler (Gargoyle Gladiator)          Turns: 3478, Time: 00:22:14

Health: -5/44      AC: 15    Str: 21    XL:     7   Next: 60%
Magic:  4/7        EV:  8    Int:  9    God:    Cheibriados [......]
Gold:   191        SH:  0    Dex: 12    Spells: 6/6 levels left

rFire    . . .     SeeInvis .   a - +0 flail
rCold    . . .     Gourm    .   (no shield)
rNeg     + . .     Faith    .   b - +0 chain mail
rPois    ∞         Spirit   .   c - +0 helmet
rElec    +         Reflect  .   (no cloak)
rCorr    .         Harm     .   (no gloves)
MR       .....                  (no boots)
Stlth    ..........             (no amulet)
HPRegen  0.14/turn              (no ring)
MPRegen  0.10/turn              (no ring)

@: very slow
A: negative energy resistance 1, electricity resistance, unbreathing,
petrification resistance, rot immunity, AC +4
a: Bend Time, Renounce Religion


You were on level 4 of the Dungeon.
You worshipped Cheibriados.
Cheibriados was noncommittal.
You were not hungry.

You visited 1 branch of the dungeon, and saw 4 of its levels.

You collected 191 gold pieces.

Inventory:

Hand Weapons
 a - a +0 flail (weapon)
 q - a +0 hunting sling
 w - the cursed +1 whip "Yfyfo" {slash, MR+ Str+4, unknown}
   (You found it on level 4 of the Dungeon)

   It inflicts extra damage upon your enemies.
   It affects your strength (+4).
   It affects your resistance to hostile enchantments.
   It has a curse placed upon it.
Missiles
 d - 3 throwing nets
 e - 234 stones (quivered)
 t - 5 tomahawks
Armour
 b - a +0 chain mail (worn)
 c - a +0 helmet (worn)
Jewellery
 u - a cursed ring of attention {unknown}
Wands
 r - a wand of random effects (11)
Scrolls
 g - 2 scrolls of immolation
 h - 3 scrolls of teleportation
 i - a scroll of enchant armour {unknown}
 n - a scroll of blinking {unknown}
 p - a scroll of noise {unknown}
 v - a scroll of identify
Potions
 j - a potion of mutation
 k - 2 potions of degeneration {unknown}
 l - a potion of agility {unknown}
 o - a potion of curing
 s - a potion of flight {unknown}
Comestibles
 f - 16 rations


   Skills:
 + Level 4.9 Fighting
 * Level 6.4 Maces & Flails
 - Level 1.7 Throwing
 + Level 4.1 Armour
 - Level 2.4 Dodging
 + Level 0.0 Invocations


You had 6 spell levels left.
You didn't know any spells.
Your spell library was empty.

Dungeon Overview and Level Annotations

Branches:
Dungeon (4/15)
 Temple: D:4-7

Altars:
Cheibriados
Qazlal


Innate Abilities, Weirdness & Mutations

You are resistant to torment.
Your stone body is resilient. (AC +4)
You are immune to poison.
You resist negative energy. (rN+)
You are resistant to electric shocks. (rElec)
You can survive without breathing.
You are immune to petrification.
You are immune to rotting.


Message History

The ogre hits you with a +0 giant spiked club.
Your chain mail prevents you from hitting the ogre.
The ogre is moderately wounded.
The ogre hits you with a +0 giant spiked club!
You closely miss the ogre.
The ogre is moderately wounded.
You feel better. The ogre hits you but does no damage.
Evoke which item? (* to show all) (? for menu, Esc to quit)
Okay, then.
The flow of time bends around you.
The ogre resists with some effort.
You feel slightly more hungry. The ogre barely misses you.
You fail to use your ability.
The ogre hits you with a +0 giant spiked club!!
* * * LOW HITPOINT WARNING * * *
You closely miss the ogre.
The ogre is moderately wounded.
You barely miss the ogre.
The ogre is moderately wounded.
The ogre hits you with a +0 giant spiked club!
You die...

#...#........#.....##..#
#..##..###...###...#...#
#####..##.............>.##..
#.#.....#........###########
##...........................
#.........#.......#...#...#..
####......>.#....##............
#.#.........###...#.#...#...#..
##.............@O...............
##.............<..###.###########
#..##........##....###...........
..####.............##............
..##...........##...#...........#
...#.......#...##...#..........##
#.........###..####............##
##.......###...#####.........####
##...#####......##.........#####


You could see an ogre.

Vanquished Creatures
  Grinder (D:3)
  An ogre (D:4)
  A bullfrog (D:4)
  A scorpion (D:4)
  A bullfrog skeleton (D:4)
  Jessica (D:3)
  Ijyb (D:3)
  3 worker ants
  4 adders
  3 oozes
  2 worms
  A dart slug (D:3)
  3 leopard geckos
  8 orcs
  4 giant cockroaches
  6 goblins
  5 hobgoblins (D:1)
  7 jackals
  7 kobolds
  A ball python (D:1)
  8 bats
  4 frilled lizards
  A giant cockroach zombie (D:4)
  6 rats
80 creatures vanquished.

Notes
Turn   | Place    | Note
-------+----------+-------------------------------------------
     0 | D:1      | Gumption the Gargoyle Gladiator began the quest for the
                  | Orb.
     0 | D:1      | Reached XP level 1. HP: 12/12 MP: 1/1
   285 | D:1      | Reached XP level 2. HP: 18/18 MP: 2/2
   419 | D:1      | Reached skill level 1 in Armour
  1043 | D:2      | Reached XP level 3. HP: 22/22 MP: 3/3
  1594 | D:3      | Noticed Grinder
  1732 | D:3      | Reached XP level 4. HP: 28/28 MP: 4/4
  1735 | D:3      | Reached skill level 4 in Maces & Flails
  1741 | D:3      | Noticed Ijyb
  1852 | D:3      | Noticed Jessica
  1881 | D:3      | Killed Jessica
  2005 | D:3      | Reached XP level 5. HP: 30/32 MP: 5/5
  2280 | D:3      | Paralysed by Grinder for 2 turns
  2294 | D:3      | Killed Grinder
  2294 | D:3      | Reached skill level 5 in Maces & Flails
  2294 | D:3      | Reached XP level 6. HP: 29/38 MP: 6/6
  2536 | D:3      | Killed Ijyb
  2710 | D:4      | Reached XP level 7. HP: 42/44 MP: 7/7
  2864 | D:3      | Reached skill level 6 in Maces & Flails
  3150 | D:4      | Found a stormy altar of Qazlal.
  3301 | D:4      | Got a smoking whip
  3368 | D:4      | Found a snail-covered altar of Cheibriados.
  3379 | D:4      | Became a worshipper of Cheibriados the Contemplative
  3478 | D:4      | Slain by an ogre

Skill      XL: |  1  2  3  4  5  6  7 |
---------------+----------------------+-----
Armour         | 1 2 3 4 |  4.1
Fighting       | 3 4 |  4.9
Maces & Flails | 4 5 6 |  6.4
Throwing       | |  1.7
Dodging        | |  2.4

Action                   |  1- 3 |  4- 6 |  7- 9 || total
-------------------------+-------+-------+-------++-------
Melee: Flail             |   139 |   156 |    72 ||   367
Invok: Bend Time         |       |       |     1 ||     1
Evoke: Wand              |       |     2 |     2 ||     4
  Use: Scroll            |       |     4 |       ||     4
       Potion            |       |       |     1 ||     1
 Stab: Confused          |       |     1 |       ||     1
  Eat: Chunk             |     3 |     3 |     3 ||     9
Armor: Leather armour    |    27 |       |       ||    27
       Chain mail        |    70 |   107 |    87 ||   264
Dodge: Dodged            |    74 |    64 |    51 ||   189
